 Dungeon Crawl Stone Soup version 0.18-a0-1511-g2a0da85 (webtiles) character file.

56 useraccount the Insei (level 3, -1/26 HPs)
             Began as an Octopode Monk on Feb 27, 2016.
             Hit by a goblin thrown by Robin (3 damage)
             ... on level 2 of the Dungeon.
             The game lasted 00:01:39 (1201 turns).

useraccount the Insei (Octopode Monk)               Turns: 1201, Time: 00:01:39

Health: -1/26      AC:  1    Str: 11    XL:     3   Next: 95%
Magic:  3/3        EV: 10    Int: 12    God:
Gold:   140        SH:  6    Dex: 14    Spells: 0 memorised, 2 levels left

rFire  . . .     SeeInvis .       - Unarmed
rCold  . . .     Gourm    .     g - +0 shield (curse)
rNeg   . . .     Faith    .     (helmet restricted)
rPois  .         Spirit   .     (no amulet)
rElec  .         Dismiss  .     j - ring of stealth (curse)
rCorr  .         Reflect  .     (no ring)
SustAt .         Harm     .     (no ring)
MR     .....                    (no ring)
Stlth  +++++.....               (no ring)
                                (no ring)
                                (no ring)
                                (no ring)

@: not resistant to hostile enchantments, quite stealthy
A: almost no armour, amphibious, 8 rings, constrict 8, camouflage 1, gelatinous
body 1
a: no special abilities


You were on level 2 of the Dungeon.
You were hungry.

You visited 1 branch of the dungeon, and saw 2 of its levels.

You collected 140 gold pieces.

Inventory:

Missiles
 h - 5 curare-tipped needles
Armour
 g - a cursed +0 shield (worn)
Jewellery
 j - a cursed ring of stealth (left tentacle)
Scrolls
 c - 4 scrolls of identify {unknown}
 d - a scroll of enchant armour {unknown}
 e - 2 scrolls of random uselessness {unknown}
 k - a scroll of magic mapping {unknown}
Potions
 b - a potion of lignification {unknown}
 f - 2 potions of heal wounds {unknown}
 i - 2 potions of curing {unknown}
Comestibles
 a - a bread ration


   Skills:
 + Level 3.5 Fighting
 + Level 3.2 Dodging
 + Level 3.4 Stealth
 + Level 0.0 Shields
 * Level 4.6 Unarmed Combat


You had 2 spell levels left.
You didn't know any spells.

Dungeon Overview and Level Annotations

Branches:
Dungeon (2/15)

Altars:
Nemelex Xobeh

Annotations:
D:2 Robin


Innate Abilities, Weirdness & Mutations

You cannot wear most types of armour.
You are amphibious.
You can wear up to eight rings at the same time.
You can use your tentacles to constrict eight enemies at once.
Your skin changes colour to match your surroundings (Stealth).
Your rubbery body absorbs attacks (AC +1).


Message History

* * * LOW HITPOINT WARNING * * *
You tentacle-slap Robin but do no damage.
Your grab misses Robin.
Your tentacle-slap misses Robin.
You squeeze Robin!
Robin is heavily wounded.
Robin flexes a bicep menacingly.
The goblin hits you with a dagger.
* * * LOW HITPOINT WARNING * * *
You tentacle-slap the goblin.
You kill the goblin!
Robin roars a battlecry!
The goblin goes into a battle-frenzy!
Robin hits you with a dagger.
* * * LOW HITPOINT WARNING * * *
You closely miss Robin. Your grab misses Robin.
Robin is heavily wounded.
Robin closely misses you.
You bludgeon Robin! Your grab misses Robin.
Robin is almost dead.
Robin throws the goblin at you!
You die...

### ##.## ########
##.#.## #....†.####.
##.###)######.#).g.ggg.g
#.##...g@g....#.##.#....
##.#.#.###.#....# # .
##...####.##.### #.
#......##.##.# #.
##...#.##.##.. #. ###
#.......#.##### #.##.#
######.#...#...# #....#
#......##.## .#.
####..#.. #.####..#..#
##.....#.....#..


You could see Robin and a goblin (frenzied).

Vanquished Creatures
  An adder (D:2)
  A worm (D:2)
  A dart slug (D:1)
  5 hobgoblins
  7 jackals (D:1)
  A ball python (D:1)
  5 bats
  2 giant newts
  8 goblins
  6 kobolds (D:1)
37 creatures vanquished.

Notes
Turn   | Place    | Note
--------------------------------------------------------------
     0 | D:1      | useraccount the Octopode Monk began the quest for the Orb.
     0 | D:1      | Reached XP level 1. HP: 16/16 MP: 1/1
   144 | D:1      | Reached XP level 2. HP: 21/21 MP: 2/2
   211 | D:1      | HP: 1/21 [jackal (2)]
   544 | D:1      | Reached XP level 3. HP: 21/26 MP: 3/3
  1130 | D:2      | Found a sparkling altar of Nemelex Xobeh.
  1167 | D:2      | Noticed Robin
  1201 | D:2      | Hit by a goblin thrown by Robin

Vault maps used:
D:1:      dpeg_arrival_windows_large_door
D:2:      nicolae_overflow_crystal_walls, minmay_misc_feat_alley, uniq_terence,
          uniq_robin

Skill      XL: |  1  2 |
---------------+-------+-----
Stealth        | 3 |  3.4
Fighting       | |  3.5
Dodging        | |  3.2
Unarmed Combat | |  4.6

Action                   || total
-------------------------++-------
Melee: Unarmed           ||    83
 Stab: Sleeping          ||     9
